 Dungeon Crawl Stone Soup version 0.19.1 (webtiles) character file.

135 Idleism the Conjurer (level 4, 0/27 HPs)
             Began as a High Elf Wizard on Dec 7, 2016.
             Slain by Grinder (5 damage)
             ... on level 3 of the Dungeon.
             The game lasted 00:09:58 (3909 turns).

Idleism the Conjurer (High Elf Wizard)              Turns: 3909, Time: 00:09:59

Health: 0/27       AC:  2    Str:  6    XL:     4   Next: 97%
Magic:  4/10       EV: 12    Int: 22    God:
Gold:   116        SH:  0    Dex: 14    Spells: 4 memorised, 2 levels left

rFire  . . .     SeeInvis .     g - +0 dagger
rCold  . . .     Gourm    .     a - +0 robe
rNeg   . . .     Faith    .     (no shield)
rPois  .         Spirit   .     b - +0 hat
rElec  .         Reflect  .     (no cloak)
rCorr  .         Harm     .     (no gloves)
MR     .....                    (no boots)
Stlth  ++........               (no amulet)
                                (no ring)
                                (no ring)

@: no status effects
A: no striking features
a: no special abilities


You were on level 3 of the Dungeon.
You were not hungry.

You visited 1 branch of the dungeon, and saw 4 of its levels.

You collected 116 gold pieces.

Inventory:

Hand Weapons
 g - a +0 dagger (weapon)
 i - a +0 dagger of freezing
Armour
 a - a +0 robe (worn)
 b - a +0 hat (worn)
Jewellery
 j - an uncursed ring of protection from magic {unknown}
Wands
 q - a wand of enslavement (6/24)
 r - a wand of iceblast (7/15)
Scrolls
 e - 5 scrolls of identify {unknown}
 k - a scroll of remove curse {unknown}
 l - a scroll of enchant armour {unknown}
 n - 3 scrolls of enchant weapon {unknown}
Potions
 h - a potion of haste
 m - a potion of curing {unknown}
 o - a potion of mutation {unknown}
Books
 c - a book of Minor Magic

   Spells                             Type                      Level
   a - Magic Dart                     Conjuration                  1
   b - Blink                          Translocation                2
   c - Call Imp                       Summoning                    2
   d - Repel Missiles                 Charms/Air                   2
   e - Slow                           Hexes                        2
   f - Conjure Flame                  Conjuration/Fire             3
   g - Mephitic Cloud                 Conjuration/Poison/Air       3
Comestibles
 d - a bread ration
 f - a beef jerky
 p - 4 fruits


   Skills:
 + Level 0.0 Fighting
 - Level 2.1 Dodging
 - Level 2.2 Stealth
 - Level 3.6 Spellcasting
 - Level 4.0 Conjurations
 - Level 1.6 Summonings
 - Level 2.0 Translocations
 - Level 1.3 Air Magic
 - Level 1.0 Poison Magic


You had 2 spell levels left.
You knew the following spells:

 Your Spells              Type           Power        Failure   Level  Hunger
a - Magic Dart            Conj           ###.         2%          1    None
b - Blink                 Tloc           N/A          10%         2    ##.....
c - Call Imp              Summ           ##......     10%         2    ##.....
d - Mephitic Cloud        Conj/Pois/Air  ##......     14%         3    ###....


Dungeon Overview and Level Annotations

Branches:
Dungeon (4/15)
 Temple: D:4-7

Altars:
Makhleb

Annotations:
D:3 Grinder


Message History

The magic dart hits Grinder.
Grinder is moderately wounded.
Casting: Magic Dart
Confirm with . or Enter, or press ? or * to list all spells.
Aiming: Magic Dart
Press: ? - help, Shift-Dir - straight line, f/p - Grinder
Aim: Grinder (moderately wounded)
The magic dart hits Grinder.
Grinder is moderately wounded.
Casting: Magic Dart
Confirm with . or Enter, or press ? or * to list all spells.
Aiming: Magic Dart
Press: ? - help, Shift-Dir - straight line, f/p - Grinder
Aim: Grinder (moderately wounded)
The magic dart hits Grinder.
Grinder is moderately wounded.
Grinder hits you!
* * * LOW HITPOINT WARNING * * *
You writhe in agony.
You die...

.........#......<#..##
#..
.........#.#...g....5#
#..
.........#?#.#######.#
#.. ..###..).#.#.# #.##
#.. #...[....# #..# #..
...#........# ##.#####
#...)......########..#
#.(##..5......#....#.##
#.......@#.####.##.#..#
...##.#..........#5##.##
## #.......######.##..#
#######.# #.#...## #...#
#.#....#
#)########.#....#
####.........)#....#
#........######.....
#........# #...#.


You could see Grinder.

Vanquished Creatures
  5 adders
  An ooze (D:1)
  4 dart slugs
  3 leopard geckos
  A ball python (D:3)
  7 bats
  A giant cockroach (D:2)
  9 goblins
  13 hobgoblins
  A quokka (D:2)
  7 frilled lizards
  9 kobolds
  11 rats
72 creatures vanquished.

Notes
Turn   | Place    | Note
-------+----------+-------------------------------------------
     0 | D:1      | Idleism the High Elf Wizard began the quest for the Orb.
     0 | D:1      | Reached XP level 1. HP: 11/11 MP: 6/6
   141 | D:1      | Reached skill level 2 in Conjurations
   324 | D:1      | Reached XP level 2. HP: 17/17 MP: 5/7
   333 | D:1      | Learned a level 2 spell: Blink
  1042 | D:1      | Learned a level 2 spell: Call Imp
  1053 | D:1      | Reached XP level 3. HP: 21/21 MP: 7/9
  1056 | D:1      | Reached skill level 1 in Summonings
  1990 | D:2      | Reached skill level 3 in Conjurations
  2335 | D:2      | Reached XP level 4. HP: 27/27 MP: 4/10
  2340 | D:2      | Learned a level 3 spell: Mephitic Cloud
  2929 | D:2      | Found a burning altar of Makhleb.
  3114 | D:2      | Reached skill level 1 in Poison Magic
  3361 | D:3      | Reached skill level 1 in Air Magic
  3476 | D:3      | Noticed Grinder
  3506 | D:3      | Paralysed by Grinder for 4 turns
  3896 | D:3      | Reached skill level 4 in Conjurations
  3909 | D:3      | Slain by Grinder

Skill      XL: |  1  2  3  4 |
---------------+-------------+-----
Conjurations   | 2 3 4 |  4.0
Translocations | 2 |  2.0
Summonings     | 1 |  1.6
Poison Magic   | 1 |  1.0
Air Magic      | 1 |  1.3
Dodging        | |  2.1
Stealth        | |  2.2
Spellcasting   | |  3.6

Action                   |  1- 3 |  4- 6 || total
-------------------------+-------+-------++-------
Melee: Dagger            |    31 |    40 ||    71
 Cast: Magic Dart        |    80 |    70 ||   150
       Blink             |     5 |     2 ||     7
       Mephitic Cloud    |       |     1 ||     1
       Call Imp          |       |     1 ||     1
  Use: Potion            |     2 |       ||     2
 Stab: Sleeping          |       |     1 ||     1
  Eat: Chunk             |     4 |     4 ||     8
       Pizza             |       |     1 ||     1
Armor: Robe              |     3 |    18 ||    21
Dodge: Dodged            |    27 |    38 ||    65
